Unix NetHack Version 3.7.0-102 Work-in-progress - last build Apr 6 2024 13:22:21 (d302a6a9ff6341f1a922d8f5af178406b35fdf99,branch:master). Game began 2024-04-12 17:33:56, ended 2024-04-12 19:42:15. laycre, neutral male gnomish Ranger --+----- -- |.........| |.@d.....!| .<.^.$..... ----------- Laycre the Tenderfoot St:16 Dx:11 Co:14 In:13 Wi:15 Ch:7 Neutral Dlvl:4 $:21 HP:0(21) Pw:7(7) AC:7 Xp:2/28 T:694 Latest messages: Welcome to experience level 2. c - an uncursed +2 crossbow bolt (in quiver pouch) (52 in total). t - a scroll labeled HACKEM MUCHE. There is nothing here to pick up. c - 2 uncursed +2 crossbow bolts (in quiver pouch) (54 in total). There is nothing here to pick up. You find a hidden door. The door resists! The door resists! The door opens. You hear the footsteps of a guard on patrol. The door opens. What do you want to call this dungeon level? vault You hear some noises in the distance. In what direction? h The crossbow bolt misses the acid blob. In what direction? h You kill the acid blob! c - an uncursed +2 crossbow bolt (in quiver pouch) (53 in total). There is a doorway here. You see here an acid blob corpse. Sirius picks up an acid blob corpse. $ - 5 gold pieces (21 in total). You see here a statue of a goblin. Sirius drops an acid blob corpse. You descend the stairs. The little dog strikes at your displaced image and misses you! The little dog bites! You find a falling rock trap. In what direction? l You shoot 2 crossbow bolts. The 1st crossbow bolt misses the little dog. The 2nd crossbow bolt hits the little dog. The little dog bites! The little dog bites! In what direction? l You shoot 3 crossbow bolts. The 1st crossbow bolt misses the little dog. The 2nd crossbow bolt misses the little dog. The 3rd crossbow bolt misses the little dog. The little dog bites! The little dog bites! In what direction? l The crossbow bolt misses the little dog. The little dog bites! The little dog bites! You die... Do you want your possessions identified? [ynq] (y) y Do you want to see your attributes? [ynq] (y) y Do you want an account of creatures vanquished? [ynaq] (y) q Inventory: Coins ('$') $ - 21 gold pieces Weapons (')') c - 47 uncursed +2 crossbow bolts (in quiver pouch) d - 36 uncursed +0 crossbow bolts b - an uncursed +1 crossbow (weapon in left hand) a - an uncursed +1 dagger (alternate weapon; not wielded) j - an uncursed +0 orcish dagger Armor ('[') h - a cursed -1 orcish helm g - a cursed -1 pair of gauntlets of fumbling e - an uncursed +2 cloak of displacement (being worn) Comestibles ('%') f - 5 uncursed cram rations r - an uncursed food ration k - an uncursed tripe ration o - an uncursed lichen corpse Scrolls ('?') m - a blessed scroll of confuse monster t - an uncursed scroll of create monster q - an uncursed scroll of magic mapping Potions ('!') n - a potion of holy water Tools ('(') l - a blessed brass lantern s - an uncursed tin opener Gems/Stones ('*') p - an uncursed worthless piece of violet glass i - a cursed worthless piece of yellow glass Laycre the Ranger's attributes: Background: You were a Tenderfoot, a level 2 male gnomish Ranger. You were neutral, on a mission for Venus who was opposed by Mercury (lawful) and Mars (chaotic). You were left-handed. You were in the Dungeons of Doom, on level 4. You entered the dungeon 694 turns ago. You had 28 experience points, 12 more were needed to attain level 3. Basics: You had 0 out of 21 hit points. You had all 7 energy points (spell power). Your armor class was 7. Your wallet contained 21 zorkmids. Autopickup was on for '$=/!?"' plus thrown, with exceptions. Final Characteristics: Your strength was 16 (limit:18/50). Your dexterity was 11 (limit:18). Your constitution was 14 (limit:18). Your intelligence was 13 (limit:19). Your wisdom was 15 (limit:18). Your charisma was 7 (limit:18). Final Status: You weren't hungry. You were unencumbered. You were wielding a crossbow. You had basic skill with crossbow. Final Attributes: You were fervently aligned. You had automatic searching. You had infravision. You were displaced. You were warded. You are dead. Miscellaneous: You never encountered a bones level. Total elapsed playing time was 5 minutes and 31 seconds. Major events: Turn 1: laycre the neutral male gnomish Ranger entered the dungeon 583: entered the Gnomish Mines 694: killed by a little dog Vanquished creatures: an acid blob a large kobold a yellow mold a gecko 3 jackals a fox a goblin 2 sewer rats 3 grid bugs a lichen 2 newts 17 creatures vanquished. No species were genocided or became extinct. Voluntary challenges: You went without food. You were an atheist. You were illiterate. You never engraved Elbereth. You never genocided any monsters. You never polymorphed an object. You never changed form. You used no wishes. Achievement: You entered the Gnomish Mines. The Dungeons of Doom: levels 1 to 4 Level 1: Level 2: "vault" A fountain. Level 3: "vault" Stairs down to The Gnomish Mines. Level 4: <- You were here. Final resting place for you, killed by a little dog. The Gnomish Mines: Level 4: Game over: ---------- / \ / REST \ / IN \ / PEACE \ / \ | laycre | | 21 Au | | killed by a | | little dog | | | | | | 2024 | *| * * * | * _________)/\\_//(\/(/\)/\//\/|_)_______ Goodbye laycre the Ranger... You died in The Dungeons of Doom on dungeon level 4 with 281 points, and 21 pieces of gold, after 694 moves. You were level 2 with a maximum of 21 hit points when you died.